 Dungeon Crawl Stone Soup version 0.17-a0-1596-g1e86911 (webtiles) character file.

9703 urechis the Fighter (level 11, -6/130 HPs)
             Began as an Ogre Gladiator on July 31, 2015.
             Was a Believer of Ru.
             Mangled by a skeletal warrior
             ... wielding a +0 war axe
              (14 damage)
             ... on level 10 of the Dungeon.
             The game lasted 00:26:17 (14397 turns).

urechis the Fighter (Ogre Gladiator)               Turns: 14397, Time: 00:26:17

Health: -6/130     AC: 16    Str: 25    XL:     11   Next: 50%
Magic:  11/11      EV: 10    Int:  7    God:    Ru [**....]
Gold:   549        SH:  0    Dex: 10    Spells: 0 memorised, 10 levels left

rFire  . . .     SeeInvis .     a - +1 flail (protect)
rCold  . . .     Clarity  .     D - +2 robe {rN+}
rNeg   + . .     SustAt   .     (no shield)
rPois  .         Gourm    .     c - +0 hat
rElec  .         Spirit   .     l - +1 cloak
rCorr  .         Warding  .     (gloves unavailable)
rMut   .         Stasis   .     (boots unavailable)
MR     +....                    (no amulet)
Stlth  ++........               n - +4 ring of protection
                                y - ring of stealth

@: somewhat resistant to hostile enchantments, unstealthy
A: unfitting armour, tough skin 1, hated by all, no ice magic, no summoning
magic, no transmutations magic
a: Renounce Religion


You were on level 10 of the Dungeon.
You worshipped Ru.
Ru was pleased with you.
You were near starving.

You visited 2 branches of the dungeon, and saw 12 of its levels.

You collected 549 gold pieces.

Inventory:

Hand weapons
 a - a +1 flail of protection (weapon)
 b - a +0 giant spiked club
Missiles
 e - 2 throwing nets
 B - 7 tomahawks (quivered)
 L - 12 poisoned needles
 T - 5 javelins
Armour
 c - a +0 hat (worn)
 l - a +1 cloak (worn)
 D - a +2 robe of positive energy (worn)
 P - a troll hide
Jewellery
 n - a +4 ring of protection (right hand)
 y - a ring of stealth (left hand)
Magical devices
 m - a wand of slowing (15)
 C - a wand of paralysis (10)
 E - a wand of magic darts (29)
 H - a wand of disintegration (6)
 I - a wand of heal wounds (3)
 M - a wand of confusion (31)
 N - a wand of slowing (21)
 O - a wand of cold (4)
 Q - a wand of digging (10)
Scrolls
 j - 2 scrolls of teleportation
 p - 5 scrolls of remove curse
 v - 2 scrolls of enchant armour
 w - a scroll of holy word {unknown}
 F - a scroll of immolation
 J - 2 scrolls of magic mapping
 S - 3 scrolls of identify
 V - a scroll of recharging {unknown}
Potions
 f - 2 potions of cure mutation
 g - a potion of berserk rage {unknown}
 h - a potion of degeneration {unknown}
 i - 2 potions of ambrosia {unknown}
 k - 5 potions of flight
 o - a potion of lignification {unknown}
 r - 2 potions of resistance {unknown}
 s - 2 potions of haste {unknown}
 t - 3 potions of heal wounds {unknown}
 u - 4 potions of poison
 x - 2 potions of cancellation {unknown}
 A - 2 potions of invisibility {unknown}
 U - a potion of brilliance {unknown}
Comestibles
 d - 9 bread rations
 q - 10 slices of pizza
 z - 3 meat rations
 G - 2 fruits
 K - 3 beef jerkies


   Skills:
 + Level 14.3 Fighting
 - Level 14.0 Maces & Flails
 + Level 9.5 Throwing
 - Level 2.6 Dodging


You had 10 spell levels left.
You didn't know any spells.

Dungeon Overview and Level Annotations

Branches:
Dungeon (11/15)            Temple (1/1) D:7            Lair (0/8) D:9
    Orc: D:9-12

Altars:
Ashenzari
Cheibriados
Dithmenos
Elyvilon
Fedhas
Gozag
Kikubaaqudgha
Makhleb
Nemelex Xobeh
Okawaru
Qazlal
Ru
Sif Muna
Trog
Vehumet
Xom
Yredelemnul
Zin
The Shining One

Shops:
D:7 (   D:8 !   D:10 [


Innate Abilities, Weirdness & Mutations

You are too large for most types of armour.
You have tough skin (AC +1).
You are hated by all.
You cannot study or cast Ice magic.
You cannot study or cast Summoning magic.
You cannot study or cast Transmutations magic.


Message History

You hit the skeletal warrior but do no damage.
The skeletal warrior is almost destroyed.
You barely miss the skeletal warrior.
The skeletal warrior is almost destroyed.
The skeletal warrior hits you with a war axe!!
* * * LOW HITPOINT WARNING * * *
You hit the skeletal warrior but do no damage.
The skeletal warrior is almost destroyed.
The skeletal warrior hits you with a war axe!!
* * * LOW HITPOINT WARNING * * *
Drink which item? (? for menu, Esc to quit)
It was a potion of poison.
That liquid tasted very nasty...
You are lethally poisoned!
* * * LOW HITPOINT WARNING * * *
You feel sick.
Drink which item? (? for menu, Esc to quit)
You feel better.
The skeletal warrior hits you with a war axe!
You die...

###### #.#######
.....# #....(..#
####.# #######.# #.#
#.# #.####### #.#
#.......##### #.#
#.###.......## #.#
###.# #.#.#.#.)###.#
#...# #........@z..#
#.#####.#.#.#.######
##.# #........# .#.#
#..#.#.#.#
.#.####........#
.#...##..#######
.###.###.# .# #.#
#.# .# #.# #.#


You could see a skeletal warrior.

Vanquished Creatures
  A hydra (D:11)
  A skeletal warrior (D:10)
  An unseen horror (D:10)
  A hill giant (D:11)
  Maurice (D:8)
  A troll (D:10)
  3 two-headed ogres
  Grinder (D:6)
  The ghost of urechis the Cudgeler, an average OgGl (D:3)
  A yak (D:9)
  A human (D:9)
  A wraith (D:11)
  4 water moccasins
  Duvessa (D:5)
  2 orc warriors
  2 phantoms
  6 centaurs
  2 sky beasts
  2 black bears
  An ice beast (D:5)
  9 ogres
  2 big kobolds
  4 giant frogs
  Dowan (D:5)
  5 scorpions
  12 killer bees
  An electric eel (D:9)
  4 crimson imps
  2 giant frog zombies (D:7)
  2 giant frog skeletons
  A gnoll shaman (D:7)
  4 iguanas
  3 centaur skeletons
  2 jellies
  15 orc wizards
  4 hounds
  4 orc priests
  3 sheep (D:9)
  9 worker ants
  A hound skeleton (D:9)
  10 gnolls
  A river rat (D:9)
  A worker ant zombie (D:8)
  11 adders
  2 shadow imps
  2 oozes
  An adder zombie (D:4)
  2 worms
  5 giant geckos
  46 orcs
  5 giant cockroaches
  7 hobgoblins
  7 jackals (D:8)
  5 quokkas
  A ball python (D:1)
  10 bats
  3 giant newts
  13 goblins
  2 jackal skeletons (D:5)
  14 kobolds
  3 quokka skeletons
  9 rats
  A fungus (D:9)
283 creatures vanquished.

Vanquished Creatures (others)
  A bush (D:5)
  11 fungi (D:9)
  3 plants (D:9)
15 creatures vanquished.

Grand Total: 298 creatures vanquished

Notes
Turn   | Place    | Note
--------------------------------------------------------------
     0 | D:1      | urechis the Ogre Gladiator began the quest for the Orb.
     0 | D:1      | Reached XP level 1. HP: 22/22 MP: 1/1
   224 | D:1      | Reached XP level 2. HP: 31/31 MP: 2/2
   737 | D:2      | Reached skill level 5 in Maces & Flails
   744 | D:2      | Reached XP level 3. HP: 26/37 MP: 3/3
  1005 | D:2      | Found a snail-covered altar of Cheibriados.
  1137 | D:2      | Found a shadowy altar of Dithmenos.
  1260 | D:2      | Reached XP level 4. HP: 46/48 MP: 4/4
  1584 | D:3      | Reached skill level 6 in Maces & Flails
  1686 | D:3      | Noticed urechis's ghost (average OgGl)
  2129 | D:3      | Found a burning altar of Makhleb.
  2203 | D:3      | Reached XP level 5. HP: 8/55 MP: 5/5
  3192 | D:4      | Noticed an ogre
  3199 | D:4      | Killed an ogre
  3199 | D:4      | Reached skill level 5 in Fighting
  3199 | D:4      | Reached skill level 7 in Maces & Flails
  3424 | D:4      | Reached XP level 6. HP: 64/66 MP: 6/6
  3533 | D:4      | Noticed a water moccasin
  3534 | D:4      | Noticed an ogre
  3536 | D:4      | Noticed Grinder
  3555 | D:4      | Killed a water moccasin
  3555 | D:4      | Reached skill level 8 in Maces & Flails
  3566 | D:4      | Killed an ogre
  3566 | D:4      | Reached XP level 7. HP: 12/75 MP: 7/7
  3917 | D:4      | Found a sparkling altar of Nemelex Xobeh.
  4244 | D:5      | Entered Level 5 of the Dungeon
  4278 | D:5      | Noticed Dowan
  4279 | D:5      | Noticed Duvessa
  4288 | D:5      | Killed Duvessa
  4288 | D:5      | Reached skill level 9 in Maces & Flails
  4291 | D:5      | Killed Dowan
  4345 | D:4      | Found a sparkling altar of Nemelex Xobeh.
  4717 | D:4      | Found a sparkling altar of Nemelex Xobeh.
  5060 | D:3      | Killed urechis's ghost
  5060 | D:3      | Reached skill level 10 in Maces & Flails
  5060 | D:3      | Reached XP level 8. HP: 32/87 MP: 8/8
  5599 | D:4      | Found a sparkling altar of Nemelex Xobeh.
  5957 | D:5      | Reached skill level 11 in Maces & Flails
  6300 | D:5      | Found a stormy altar of Qazlal.
  6465 | D:5      | Reached skill level 12 in Maces & Flails
  6465 | D:5      | Reached XP level 9. HP: 89/97 MP: 9/9
  6986 | D:6      | Killed Grinder
  7303 | D:7      | Found a stormy altar of Qazlal.
  7304 | D:7      | Found an ancient bone altar of Kikubaaqudgha.
  7306 | D:7      | Found an iron altar of Okawaru.
  7313 | D:7      | Found a white marble altar of Elyvilon.
  7313 | D:7      | Found a basalt altar of Yredelemnul.
  7443 | D:7      | Found a staircase to the Ecumenical Temple.
  7490 | D:7      | Reached skill level 13 in Maces & Flails
  7524 | Temple   | Entered the Ecumenical Temple
  7713 | Temple   | Became a worshipper of Ru the Awakened
  8130 | D:7      | Reached skill level 10 in Fighting
  8131 | D:7      | Found a deep blue altar of Sif Muna.
  8330 | D:7      | Found Cesyip's Antique Weapon Shop.
  8522 | D:8      | Reached skill level 14 in Maces & Flails
  8591 | D:8      | Found a shattered altar of Ashenzari.
  8634 | D:8      | Reached XP level 10. HP: 97/111 MP: 10/10
  8686 | D:8      | Found Xirei's Distillery.
  8750 | D:8      | Noticed Maurice
  9096 | D:8      | Gained mutation: You cannot study or cast Ice magic. [Ru sacrifice]
  9096 | D:8      | Gained mutation: You cannot study or cast Transmutations magic. [Ru sacrifice]
  9096 | D:8      | Gained mutation: You cannot study or cast Summoning magic. [Ru sacrifice]
  9096 | D:8      | Acquired Ru's first power
  9388 | D:8      | Found a shattered altar of Ashenzari.
  9652 | D:8      | Found Xirei's Distillery.
  9763 | D:8      | Found a shattered altar of Ashenzari.
 10086 | D:8      | Reached skill level 5 in Throwing
 10120 | D:8      | Found a shattered altar of Ashenzari.
 10296 | D:8      | Found a shattered altar of Ashenzari.
 10319 | D:8      | Killed Maurice
 10417 | D:8      | Found Xirei's Distillery.
 10687 | D:8      | Found a shattered altar of Ashenzari.
 10790 | D:9      | Found a radiant altar of Vehumet.
 10934 | D:9      | Found a staircase to the Lair.
 12180 | D:10     | Entered Level 10 of the Dungeon
 12313 | D:10     | Gained mutation: You are hated by all. [Ru sacrifice]
 12313 | D:10     | Acquired Ru's second power
 12514 | D:10     | Reached XP level 11. HP: 77/127 MP: 11/11
 12626 | D:10     | Found Meyn's Antique Armour Emporium.
 12971 | D:10     | Killed an unseen horror
 13715 | D:11     | Noticed a hill giant
 13718 | D:11     | Killed a hill giant
 13738 | D:11     | Noticed a five-headed hydra
 13758 | D:11     | Killed a five-headed hydra
 14058 | D:11     | Noticed a skeletal warrior
 14066 | D:11     | Noticed a skeletal warrior
 14077 | D:11     | Noticed a skeletal warrior
 14140 | D:10     | Killed a skeletal warrior
 14395 | D:10     | HP: 3/130 [skeletal warrior/war axe (18)]
 14396 | D:10     | HP: 1/130 [poison (a potion of poison)]
 14397 | D:10     | Mangled by a skeletal warrior

Vault maps used:
D:1:      minmay_arrival_jagged, corexii_hall_statues_l
D:2:      wad_lake_hut, cheibriados_altar_1, lemuel_round_altar,
          hangedman_glass_teeth
D:3:      old_standard_altar
D:4:      nemelex_deck, first_bread, uniq_grinder
D:5:      black_bear_nest_2, basic_altar, kb_lookout_dungeons_type, uniq_duvessa
D:7:      overflow_temple_1_default, grunt_temple_overflow_open,
          temple_fountains, serial_shops, shop
D:8:      kennysheep_mini_moat, serial_shops, shop, kennysheep_small_circle,
          uniq_maurice
D:9:      due_lair_maze_entry_diamond, basic_altar, grunt_livestock,
          nrook_pool_corridor
D:10:     serial_glass, glass_columns_b, glass_columns_c, serial_shops,
          nicolae_shop_behind_doors, nicolae_two_hexagons
D:11:     stair_cage_cross
Temple:   minmay_temple_bridge_a_8

Action                   |  1- 3 |  4- 6 |  7- 9 | 10-12 || total
-------------------------+-------+-------+-------+-------++-------
Melee: Flail             |    90 |   185 |   344 |   552 ||  1171
Throw: Javelin           |       |     8 |     5 |    10 ||    23
       Throwing net      |       |     1 |       |     2 ||     3
       Tomahawk          |       |       |       |     1 ||     1
Invok: Sacrifice Love    |       |       |       |     1 ||     1
       Sacrifice Arcana  |       |       |       |     1 ||     1
  Use: Scroll            |       |     6 |     3 |     5 ||    14
       Potion            |       |       |       |     2 ||     2
 Stab: Sleeping          |     1 |       |     1 |     2 ||     4
  Eat: Chunk             |     1 |     6 |    15 |    11 ||    33
       Fruit             |       |     1 |       |     2 ||     3
       Royal jelly       |       |       |     1 |     2 ||     3
